 Dungeon Crawl Stone Soup version 0.32-a0-131-g9dbbe29261 (webtiles) character file.

Game seed: 6362119708920225670

106983 CougarLife the Destroyer (level 16, 0/93 HPs)
             Began as a Gargoyle Earth Elementalist on Feb 8, 2024.
             Was the Champion of Vehumet.
             Shot with a bolt by a naga sharpshooter (22 damage)
             ... on level 1 of the Snake Pit on Feb 9, 2024.
             The game lasted 01:27:50 (29464 turns).

CougarLife the Destroyer (GrEE)                    Turns: 29464, Time: 01:27:51

Health: 0/93       AC: 30    Str: 14    XL:     16   Next: 45%
Magic:  18/33      EV:  9    Int: 34    God:    Vehumet [******]
Gold:   1937       SH:  0    Dex: 10    Spells: 19/42 levels left

rFire   x . .        p - +3 dagger (freeze)
rCold   + + .        (no shield)
rNeg    + . .        Q - +0 ice dragon scales
rPois   ∞            U - +0 hat
rElec   +            s - +0 cloak
rCorr   .            n - +1 pair of gloves
SInv    .            c - +0 pair of boots
Will    +....        k - amulet of magic regeneration
Stlth   ++           q - +6 ring of intelligence
HPRegen 0.35/turn    X - +6 ring of intelligence
MPRegen 0.63/turn

%: no passive effects
@: flying
A: sickness immunity, AC +12, big wings, negative energy resistance 1,
electricity resistance, torment resistance 1, petrification resistance
a: Renounce Religion


You were on level 1 of the Snake Pit.
You worshipped Vehumet.
Vehumet was exalted by your worship.
You visited 4 branches of the dungeon, and saw 23 of its levels.
You also visited: Ossuary.

You collected 2449 gold pieces.
You spent 512 gold pieces at shops.

Inventory:

Hand Weapons
 p - a +3 dagger of freezing (weapon)
Missiles
 t - 2 throwing nets
 L - 4 curare-tipped darts
Armour
 c - a +0 pair of boots (worn)
 n - a +1 pair of gloves (worn)
 s - a +0 cloak (worn)
 Q - +0 ice dragon scales (worn)
 U - a +0 hat (worn)
Jewellery
 k - an amulet of magic regeneration (around neck)
 q - a +6 ring of intelligence (left hand)
 P - a ring of fire
 W - a ring of resist corrosion
 X - a +6 ring of intelligence (right hand)
Wands
 a - a wand of quicksilver (4)
 D - a wand of roots (7)
 E - a wand of polymorph (44)
 I - a wand of flame (18)
 O - a wand of paralysis (7)
 T - a wand of digging (8)
Scrolls
 h - 3 scrolls of silence
 i - 3 scrolls of revelation
 l - 6 scrolls of blinking
 m - 3 scrolls of fog
 r - 3 scrolls of poison
 w - 9 scrolls of teleportation
 x - 3 scrolls of enchant weapon
 y - 3 scrolls of amnesia
 A - 5 scrolls of fear
 B - 3 scrolls of brand weapon
 C - 8 scrolls of vulnerability
 F - a scroll of enchant armour
 G - 3 scrolls of immolation
 K - a scroll of summoning
 M - a scroll of torment
 V - a scroll of noise
Potions
 b - a potion of resistance
 d - 2 potions of haste
 e - 8 potions of curing
 f - 6 potions of mutation
 g - 2 potions of heal wounds
 j - 6 potions of enlightenment
 o - 2 potions of cancellation
 u - 3 potions of lignification
 v - 2 potions of attraction
 z - a potion of berserk rage {unknown}
 H - 3 potions of might {unknown}
 S - 3 potions of brilliance {unknown}
 Y - a potion of invisibility


   Skills:
 - Level 8.0 Fighting
 - Level 10.0 Armour
 - Level 1.5 Dodging
 - Level 7.0 Stealth
 + Level 13.5 Spellcasting
 - Level 14.7 Conjurations
 * Level 9.1 Fire Magic
 - Level 8.6 Ice Magic
 - Level 6.0 Air Magic
 - Level 13.1 Earth Magic


You had 19 spell levels left.
You knew the following spells:

 Your Spells              Type           Power      Damage    Failure   Level
a - Sandblast             Erth           100%       2d20      1%          1
b - Stone Arrow           Conj/Erth      100%       3d13      1%          3
c - Freezing Cloud        Conj/Ice/Air   37%        6-21      1%          5
d - Petrify               Alch/Erth      61%        N/A       4%          4
e - Starburst             Conj/Fire      40%        6d12      2%          6
f - Brom's Barrelling Bo  Conj/Erth      87%        2d10      1%          4

Your spell library contained the following spells:

 Spells                   Type           Power      Damage    Failure   Level
 Sting                    Conj/Alch      100%       1d9       1%          1
 Ensorcelled Hibernation  Hex/Ice        100%       N/A       1%          2
 Momentum Strike          Conj/Tloc      100%       3d10      1%          2
 Hailstorm                Conj/Ice       80%        3d13      1%          3
 Inner Flame              Hex/Fire       52%        N/A       1%          3
 Mephitic Cloud           Conj/Alch/Air  63%        N/A       1%          3
 Passwall                 Erth           84%        N/A       1%          3
 Volatile Blastmotes      Fire/Tloc      100%       2d18      1%          3
 Airstrike                Air            29%        2d(5-21)  1%          4
 Flame Wave               Conj/Fire      81%        2d18      1%          4
 Fulminant Prism          Conj/Alch      32%        3d15      1%          4
 Iskenderun's Mystic Bla  Conj/Tloc      64%        2d13      1%          4
 Arcjolt                  Conj/Air       38%        1d48      1%          5
 Irradiate                Conj/Alch      32%        3d22      2%          5
 Ignite Poison            Fire/Alch      52%        N/A       3%          4
 Sticky Flame             Fire/Alch      52%        2d9       3%          4
 Blink                    Tloc           44%        N/A       12%         2
 Lesser Beckoning         Tloc           44%        N/A       12%         2
 Plasma Beam              Fire/Air       32%        2x1d45    13%         6
 Fugue of the Fallen      Necr           22%        N/A       22%         3
 Vhi's Electric Charge    Tloc/Air       86%        N/A       22%         4
 Anguish                  Hex/Necr       11%        N/A       58%         4
 Dispel Undead            Necr           22%        3d12      58%         4
 Martyr's Knell           Necr/Summ      22%        N/A       58%         4
 Summon Forest            Summ/Tloc      11%        N/A       91%         5
 Summon Mana Viper        Hex/Summ       22%        N/A       91%         5
 Ignition                 Fire           35%        3d11      94%         8
 Death Channel            Necr           11%        N/A       100%        6
 Summon Cactus Giant      Summ           11%        N/A       100%        6
 Cigotuvi's Dreadful Rot  Necr/Alch/Air  Unusable   N/A       N/A         2
 Sublimation of Blood     Necr           Unusable   N/A       N/A         2

Dungeon Overview and Level Annotations

Branches:
Dungeon (15/15)            Temple (0/1) D:4            Lair (5/5) D:9
 Shoals (0/4) Lair:3        Snake (1/4) Lair:3        Slime (0/5) Lair:4
    Orc (2/2) D:10            Elf (0/3) Orc:2        Vaults (0/5) D:13
 Depths (0/4) D:15        Ossuary (visited)

Altars:
Cheibriados
Dithmenos
Elyvilon
Gozag
Okawaru
Qazlal
Ru
Trog
Vehumet
Wu Jian
Xom
Yredelemnul
Zin
The Shining One
Jiyva

Shops:
D:3 !   D:6 :   D:9 *   D:10 :   D:11 *   D:13 (   Orc:2 *=*

Annotations:
D:14 1 runed translucent door
D:15 1 runed translucent door, Archuejo's ghost, journeyman MiCj


Innate Abilities, Weirdness & Mutations

You are immune to sickness and miasma.
Your stone body is resilient. (AC +12)
You are immune to poison.
Your large and strong wings let you fly.
You resist negative energy. (rN+)
You are resistant to electric shocks. (rElec)
You are resistant to unholy torment.
You are immune to petrification.


Message History

The naga sharpshooter gestures wildly while chanting.
The naga sharpshooter magically shoots an arrow.
The arrow hits you.
The naga sharpshooter is engulfed in freezing vapours.
The naga sharpshooter spits poison at you.
The splash of poison hits you but does no damage.
You resist.
The naga sharpshooter is engulfed in freezing vapours.
Casting: Freezing Cloud (dangerous; 1% risk of failure)
Confirm with . or Enter, or press ? or * to list all spells.
Aiming: Sandblast (safe; 1% risk of failure)
Press: ? - help, Shift-Dir - straight line, f/p - naga sharpshooter
Aim: a naga sharpshooter, wielding a +0 longbow and wearing a +0 robe (freezing vapour, lightly wounded, catching its breath, 85% to hit)
The blast of sand hits the naga sharpshooter!!
The naga sharpshooter is moderately wounded.
A naga sharpshooter comes into view. It is wielding a +0 hand axe.
The naga sharpshooter is engulfed in freezing vapours.
The naga sharpshooter unwields a +0 trident of protection.
The naga sharpshooter wields a +3 heavy arbalest.
The naga sharpshooter mumbles some strange words.
The naga sharpshooter magically shoots a bolt.
The bolt hits you!
The naga sharpshooter is engulfed in freezing vapours. x2
The naga sharpshooter shoots an arrow.
The arrow hits you!
The naga sharpshooter is engulfed in freezing vapours.
The naga sharpshooter casts a spell.
The naga sharpshooter magically shoots a bolt.
The bolt hits you!!
* * * LOW HITPOINT WARNING * * *
The naga sharpshooter is engulfed in freezing vapours.
The naga sharpshooter spits poison at you.
The splash of poison misses you.
The naga sharpshooter is engulfed in freezing vapours.
The naga sharpshooter shoots an arrow.
The arrow hits you but does no damage.
The naga sharpshooter is engulfed in freezing vapours.
The naga sharpshooter shoots an arrow.
The arrow hits you.
* * * LOW HITPOINT WARNING * * *
The naga sharpshooter is engulfed in freezing vapours.
The naga sharpshooter shoots a bolt.
The bolt hits you!!
You die...

##...§§§>.##
#....§§§§N.
#§§§NN§§§§#
#§§§N§N§.#
#§§§..§§.# #§§§.§§§#
#.§§..§# #..#.○# .
..S #@§## # ........
#..###..)........
##.....#..........#
##...##.#...........
#.##..#..#... .....#
#####..#... ......
##.#.### #..†
##.....## ##..
#.......## #..


You could see 5 naga sharpshooters.

Vanquished Creatures
  Gastronok (Lair:2)
  A stone giant (D:15)
  Snorg (Orc:1)
  Josephine (Lair:5)
  An ice dragon (Lair:5)
  6 hydras
  8 vault guards (D:13)
  A rakshasa (D:15)
  4 centaur warriors
  2 catoblepae
  2 two-headed ogres
  5 boulder beetles
  A naga warrior (Snake:1)
  7 death yaks
  3 tengu warriors (D:15)
  An occultist (D:15)
  4 orc high priests (Orc:2)
  A shock serpent (Snake:1)
  Sonja (D:11)
  Nergalle (D:10)
  5 skeletal warriors (D:14)
  4 skysharks
  Pikel (D:4)
  4 lindwurms
  A deep elf pyromancer (D:12)
  9 ugly things
  4 manticores
  6 orc sorcerers
  3 kobold blastminers (Orc:1)
  8 cyclopes
  6 black mambas
  21 elephants
  A black mamba (shapeshifter) (D:15)
  7 torpor snails
  13 cane toads
  4 gargoyles
  4 unseen horrors
  3 rime drakes
  An efreet (D:14)
  A kobold demonologist (D:12)
  11 komodo dragons
  A queen bee (shapeshifter) (D:13)
  8 trolls
  4 tyrant leeches (Lair:5)
  8 hornets (Lair:5)
  3 polar bears
  23 blink frogs
  6 dream sheep (Lair:5)
  Sigmund (D:5)
  3 shadows
  4 slime creatures (D:13)
  A vampire (D:13)
  10 wraiths
  6 wyverns
  41 yaks
  A steam dragon (D:9)
  9 wargs (Orc:2)
  5 basilisks
  7 vampire mosquitoes
  5 nagas
  Duvessa (D:7)
  4 acid dragons
  9 water moccasins
  A sky beast (D:8)
  3 black bears
  16 orc warriors
  2 ice beasts
  A hornet zombie (D:6)
  6 ogres
  10 wolves
  15 centaurs
  4 phantoms
  2 lemures (D:4)
  Blork the orc (D:5)
  3 gnoll sergeants
  12 bullfrogs
  4 scorpions
  A kobold brigand (D:9)
  5 wights (D:8)
  Dowan (D:7)
  18 killer bees
  7 howler monkeys
  An electric eel (Lair:2)
  3 bombardier beetles
  A bullfrog zombie (Ossuary)
  3 centaur zombies (D:6)
  7 hounds
  20 orc priests
  Crazy Yiuf (D:3)
  A gnoll bouda (D:5)
  2 jellies
  2 sleepcaps
  5 iguanas
  26 orc wizards
  10 mummies (Ossuary)
  A killer bee zombie (D:6)
  4 crocodile zombies (Ossuary)
  3 hound zombies (Ossuary)
  A howler monkey zombie (Ossuary)
  20 gnolls
  3 adders
  2 shadow imps
  4 white imps
  2 ufetubi (D:7)
  3 dart slugs
  3 ribbon worms
  96 orcs
  3 bats
  8 endoplasms
  5 giant cockroaches
  7 goblins
  8 hobgoblins
  13 kobolds
  6 quokkas
  8 ball pythons
  3 ball python zombies (Ossuary)
  3 rats
729 creatures vanquished.

Vanquished Creatures (collateral kills)
  11 boulders
11 creatures vanquished.

Vanquished Creatures (others)
  5 dream sheep (D:9)
  7 boulders
12 creatures vanquished.

Grand Total: 752 creatures vanquished

Notes
Turn   | Place    | Note
-------+----------+-------------------------------------------
     0 | D:1      | CougarLife the Gargoyle Earth Elementalist began the quest
                  | for the Orb.
     0 | D:1      | Reached XP level 1. HP: 10/10 MP: 3/3
    43 | D:1      | Reached XP level 2. HP: 3/15 MP: 0/5
   527 | D:1      | Reached XP level 3. HP: 19/19 MP: 2/6
   634 | D:1      | Reached skill level 2 in Conjurations
   674 | D:1      | Got the Atlas of Mutable Voltage
  1495 | D:2      | Found a faded altar of an unknown god.
  1502 | D:2      | Got Plato's Writings on the Alembic
  2165 | D:3      | Found a basalt altar of Yredelemnul.
  2254 | D:3      | Reached XP level 4. HP: 24/24 MP: 5/8
  2527 | D:3      | Found Roppiaw's Distillery.
  2617 | D:3      | Found an opulent altar of Gozag.
  2777 | D:3      | Found a glowing golden altar of the Shining One.
  2781 | D:3      | Found a bloodstained altar of Trog.
  2785 | D:3      | Found a radiant altar of Vehumet.
  2814 | D:3      | Noticed an ice beast
  2819 | D:3      | Killed an ice beast
  2820 | D:3      | Reached skill level 3 in Conjurations
  2820 | D:3      | Reached skill level 5 in Earth Magic
  2820 | D:3      | Reached XP level 5. HP: 28/28 MP: 3/10
  2846 | D:3      | Became a worshipper of Vehumet
  3109 | D:3      | Found a runed translucent door.
  3110 | D:3      | Noticed Crazy Yiuf
  3330 | D:3      | Learned a level 3 spell: Stone Arrow
  3333 | D:3      | Killed Crazy Yiuf
  3405 | D:3      | Identified the +6 hammer of the Four Shrikes {protect, Fly
                  | rPois Dex-4 Stlth+}
  3554 | D:4      | Reached XP level 6. HP: 32/32 MP: 8/11
  3715 | D:4      | Reached skill level 4 in Conjurations
  3732 | D:4      | Found a sand-covered staircase.
  3737 | Ossuary  | Entered an ossuary
  3818 | Ossuary  | Reached XP level 7. HP: 36/36 MP: 9/13
  4051 | Ossuary  | Reached skill level 5 in Conjurations
  4172 | Ossuary  | Reached * piety under Vehumet
  4172 | Ossuary  | Offered knowledge of Freeze by Vehumet.
  4437 | D:4      | Reached skill level 5 in Spellcasting
  4492 | D:4      | Noticed Pikel
  4516 | D:4      | Killed Pikel
  4517 | D:4      | Reached skill level 6 in Conjurations
  4517 | D:4      | Reached XP level 8. HP: 40/41 MP: 2/16
  4846 | D:4      | Found a staircase to the Ecumenical Temple.
  5164 | D:5      | Entered Level 5 of the Dungeon
  5164 | D:5      | Found an ornate altar of the Wu Jian Council.
  5165 | D:5      | Found a shadowy altar of Dithmenos.
  5178 | D:5      | Reached skill level 5 in Stealth
  5186 | D:4      | Offered knowledge of Scorch by Vehumet.
  5193 | D:4      | Reached ** piety under Vehumet
  5194 | D:4      | Reached XP level 9. HP: 42/45 MP: 9/17
  5260 | D:5      | Noticed Sigmund
  5264 | D:5      | Killed Sigmund
  5621 | D:5      | Noticed Blork the orc
  5623 | D:5      | Killed Blork the orc
  5713 | D:5      | Identified the +0 leather armour of Horaoc {*Slow Dex+9}
  5990 | D:5      | Found a white marble altar of Elyvilon.
  5993 | D:5      | You fall into a shaft and drop 2 floors!
  6061 | D:6      | Reached skill level 7 in Conjurations
  6225 | D:6      | Offered knowledge of Hailstorm by Vehumet.
  6237 | D:6      | Learned a level 3 spell: Hailstorm
  6331 | D:6      | Reached skill level 1 in Fighting
  6438 | D:6      | Reached *** piety under Vehumet
  6571 | D:6      | Found a snail-covered altar of Cheibriados.
  6747 | D:6      | Found Jaipno's Book Shop.
  6764 | D:6      | Reached XP level 10. HP: 50/56 MP: 15/19
  7023 | D:7      | Offered knowledge of Volatile Blastmotes by Vehumet.
  7033 | D:7      | Reached skill level 10 in Earth Magic
  7069 | D:7      | Learned a level 4 spell: Petrify
  7293 | D:7      | Noticed Duvessa
  7294 | D:7      | Noticed Dowan
  7298 | D:7      | Killed Duvessa
  7299 | D:7      | Reached skill level 5 in Fighting
  7302 | D:7      | Killed Dowan
  7302 | D:7      | Reached **** piety under Vehumet
  7602 | D:8      | Reached skill level 8 in Conjurations
  7628 | D:8      | Reached skill level 1 in Armour
  7812 | D:8      | Found an iron altar of Okawaru.
  7841 | D:8      | Found a stormy altar of Qazlal.
  8106 | D:8      | Found a glowing silver altar of Zin.
  8107 | D:8      | Noticed an angel
  8520 | D:9      | Offered knowledge of Sticky Flame by Vehumet.
  8536 | D:9      | Learned a level 2 spell: Ensorcelled Hibernation
  8590 | D:9      | Reached skill level 1 in Ice Magic
  8613 | D:9      | Reached XP level 11. HP: 23/63 MP: 12/22
  8808 | D:9      | Found a shimmering altar of Xom.
  8962 | D:9      | Found Aziet's Assorted Antiques.
  8969 | D:9      | Reached skill level 5 in Armour
  9039 | D:9      | Found a staircase to the Lair.
  9275 | D:9      | Found a sacrificial altar of Ru.
  9464 | D:9      | Learned a level 4 spell: Brom's Barrelling Boulder
  9475 | D:10     | Entered Level 10 of the Dungeon
  9542 | D:10     | Noticed a manticore
  9546 | D:10     | Killed a manticore
  9591 | D:10     | Found a staircase to the Orcish Mines.
  9617 | D:10     | Noticed Nergalle
  9655 | D:10     | Killed Nergalle
  9730 | D:10     | Reached ***** piety under Vehumet
  9730 | D:10     | Offered knowledge of Flame Wave by Vehumet.
 10064 | D:10     | Found Wunirgha's Vocational Training.
 10377 | D:11     | Noticed a cyclops
 10377 | D:11     | Noticed a two-headed ogre
 10561 | D:10     | Killed a two-headed ogre
 10587 | D:10     | Learned a level 4 spell: Airstrike
 10624 | D:11     | Killed a cyclops
 10625 | D:11     | Reached skill level 1 in Air Magic
 11194 | D:11     | Found Odyuga's Assorted Antiques.
 11199 | D:11     | Bought a scroll of identify for 52 gold pieces
 11342 | D:11     | Noticed Sonja
 11349 | D:11     | Killed Sonja
 11350 | D:11     | Reached XP level 12. HP: 55/68 MP: 18/24
 11760 | Lair:1   | Entered Level 1 of the Lair of Beasts
 12085 | Lair:1   | Reached skill level 5 in Air Magic
 12409 | Lair:1   | Noticed a death yak
 12413 | Lair:1   | Noticed a death yak
 12441 | Lair:1   | Killed a death yak
 12454 | Lair:1   | Killed a death yak
 12633 | Lair:1   | Noticed a death yak
 12647 | Lair:1   | Killed a death yak
 12651 | Lair:1   | Reached skill level 9 in Conjurations
 12945 | Lair:2   | Noticed Gastronok
 13013 | Lair:2   | Reached skill level 10 in Spellcasting
 13029 | Lair:2   | Killed Gastronok
 13112 | Lair:2   | Reached XP level 13. HP: 72/72 MP: 19/27
 13284 | Lair:2   | Identified the +3 buckler "Ryozox" {rElec rC- Will++}
 13293 | Lair:2   | Reached skill level 10 in Conjurations
 13313 | Lair:2   | Identified the -1 pair of gloves of the Armoured One {rElec
                  | rN+++ Dex+5 Stlth-}
 14336 | Lair:3   | Offered knowledge of Freezing Cloud by Vehumet.
 14353 | Lair:3   | Learned a level 5 spell: Freezing Cloud
 14732 | Lair:3   | Reached skill level 11 in Conjurations
 14786 | Lair:3   | Found a staircase to the Snake Pit.
 14844 | Lair:3   | Reached skill level 5 in Ice Magic
 15281 | Lair:3   | Found a staircase to the Shoals.
 16302 | Lair:4   | Found a viscous altar of Jiyva.
 16303 | Lair:4   | Found a staircase to the Slime Pits.
 16371 | Lair:4   | Gained mutation: Your large and strong wings let you fly.
                  | [Gargoyle growth]
 16371 | Lair:4   | Reached XP level 14. HP: 80/80 MP: 17/28
 17048 | Lair:5   | Entered Level 5 of the Lair of Beasts
 17344 | Lair:5   | Offered knowledge of Starburst by Vehumet.
 17586 | Lair:5   | Learned a level 6 spell: Starburst
 17620 | Lair:5   | Reached skill level 12 in Conjurations
 17934 | Lair:5   | Reached skill level 1 in Fire Magic
 18072 | Lair:5   | Noticed Josephine
 18116 | Lair:5   | Killed Josephine
 19001 | Lair:5   | Reached skill level 5 in Fire Magic
 19204 | Lair:5   | Identified the ring of Utacishro {MP+9 Str+3}
 19457 | Lair:5   | HP: 4/84 [tyrant leech (15)]
 19728 | Lair:5   | Reached skill level 13 in Conjurations
 19940 | Lair:5   | Reached XP level 15. HP: 88/88 MP: 20/31
 22403 | Orc:1    | Entered Level 1 of the Orcish Mines
 22456 | Orc:2    | Entered Level 2 of the Orcish Mines
 22675 | Orc:1    | Found a shimmering altar of Xom.
 22787 | Orc:1    | Offered knowledge of Conjure Ball Lightning by Vehumet.
 23052 | Orc:1    | Noticed Snorg
 23056 | Orc:1    | Killed Snorg
 23284 | Orc:2    | Found a staircase to the Elven Halls.
 23908 | Orc:2    | Found Ufoinn's General Store.
 23981 | Orc:2    | Reached ****** piety under Vehumet
 24192 | Orc:2    | Found Sacup's Jewellery Emporium.
 24204 | Orc:2    | Found Roxigi's General Store.
 24232 | Orc:2    | Bought a ring of magical power for 340 gold pieces
 24351 | Orc:2    | Bought a scroll of blinking for 120 gold pieces
 24920 | D:13     | Found a gate to the Vaults.
 24927 | D:13     | Reached skill level 14 in Conjurations
 24945 | D:13     | Found Cogaot's Weapon Emporium.
 24963 | D:13     | Offered knowledge of Plasma Beam by Vehumet.
 25634 | D:13     | Reached skill level 10 in Armour
 25904 | D:14     | Reached XP level 16. HP: 87/93 MP: 22/33
 26049 | D:14     | Found a basalt altar of Yredelemnul.
 26234 | D:14     | Found a runed translucent door.
 26234 | D:14     | Noticed a tengu reaver
 27305 | D:15     | Entered Level 15 of the Dungeon
 27314 | D:15     | Identified a scroll of acquirement
 27677 | D:15     | Found a runed translucent door.
 27678 | D:15     | Noticed Archuejo's ghost (journeyman MiCj)
 28758 | D:15     | Acquired a book of Lightning
 28864 | D:15     | Found a staircase to the Depths.
 29290 | Snake:1  | Entered Level 1 of the Snake Pit
 29464 | Snake:1  | Shot with a bolt by a naga sharpshooter

Illustrated notes

Levels and vault maps discovered:
D:1:      minmay_arrival_stone_box, layout_loops_corners, minivault_5,
          kennysheep_boxes
D:2:      layout_loops_ring, shapermc_ecumenical_altar_rom_forum
D:3:      layout_basic, grunt_temple_overflow_diamond,
          nicolae_gozag_seed_capital, mainiacjoe_overflow_catwalk, serial_shops,
          nicolae_shop_trees, interstate_on_off, minmay_statues_item,
          uniq_crazy_yiuf_cottage
D:4:      layout_basic, minmay_temple_entry_butterflies, enter_ossuary_2,
          grunt_decor_fettered, serial_library_regret_index_multi,
          minmay_box_of_dots, uniq_pikel
D:5:      layout_layer_cave, mainiacjoe_overflow_surrounded_room,
          grunt_temple_overflow_open, dreamdust_wishing_well,
          uniq_blork_the_orc, uniq_sigmund
D:6:      layout_loops_corners, slow_altar_1, serial_undead, serial_undead_e,
          serial_undead_e, serial_undead_d, serial_undead_b, serial_shops,
          nicolae_shop_pleasant_corner_grove, nicolae_twisty_statue_hallways
D:7:      layout_cave_pools, uniq_duvessa
D:8:      layout_gridville, mainiacjoe_overflow_chevrons,
          mainiacjoe_overflow_tiny_flanked, zin_angel
D:9:      layout_basic, kb_xom_exploding_sheep, kennysheep_mini,
          grunt_lair_entry_orc_guard_hut, serial_shops,
          nicolae_shop_advertising_works [nicolae_subvault_shop_adworks],
          hex_intersection
D:10:     layout_loops_ring, david_orc_2, minmay_misc_feat_more_columns,
          nicolae_shop_vocational, uniq_nergalle
D:11:     layout_gridville, special_room [special_room_orc], serial_shops, shop,
          uniq_sonja
D:12:     minmay_big_diamond_grid, layout_irregular_city, serial_column_ruins,
          column_ruins_hut_pillars, column_ruins_open_small,
          column_ruins_corridor_straight, column_ruins_open_small,
          column_ruins_grid_4, column_ruins_open_medium,
          column_ruins_columns_straight
D:13:     layout_cave_pools, erik_vaults_2, serial_shops,
          nicolae_shop_bloodbath_and_beyond, grunt_decor_resistance
D:14:     layout_loops_corners, old_standard_altar, kennysheep_treasure_room
D:15:     grunt_enter_depths_snipers, layout_irregular_city,
          minmay_misc_feat_roman, ebering_ghost_inner_flame
Lair:1:   layout_chaotic_city
Lair:2:   layout_gridlike, serial_bayou_shore_a, uniq_gastronok
Lair:3:   layout_small_grid, elwin_shoals_entry_rooms,
          minmay_snake_entry_guardpost_medium,
          eino_small_chamber_without_monster, infiniplex_staircase_pool_2,
          serial_bayou_shore_b
Lair:4:   layout_small_grid, dpeg_slime_entry_corner
Lair:5:   wormcave, layout_gridlike, hangedman_lair_in_review, serial_forest,
          infiniplex_forest_clump_diagonal, infiniplex_forest_end_3,
          infiniplex_forest_end_2, infiniplex_forest_clump_tiny,
          infiniplex_forest_split, infiniplex_forest_end_1, uniq_josephine
Snake:1:  layout_chambers, nicolae_snake_gridmaze_spiral, uniq_aizul, uniq_kirke
Orc:1:    layout_diamond_mine, basic_altar, lightli_orcish_oven, uniq_snorg
Orc:2:    st_orc_town, layout_caves

Skill      XL: |  1  2  3  4  5  6  7  8  9 10 11 12 13 14 15 16 |
---------------+-------------------------------------------------+-----
Earth Magic    | 4 5 6 7 9 11 12 13 | 13.1
Conjurations   | 2 3 4 6 7 8 9 11 13 14 | 14.7
Spellcasting   | 3 4 5 6 7 8 10 12 13 | 13.5
Stealth        | 4 5 7 |  7.0
Fighting       | 3 5 6 8 |  8.0
Armour         | 4 7 10 | 10.0
Ice Magic      | 2 4 7 8 |  8.6
Air Magic      | 3 6 |  6.0
Fire Magic     | 6 8 9 |  9.1
Dodging        | |  1.5

Action                     |  1- 3 |  4- 6 |  7- 9 | 10-12 | 13-15 | 16-18 || total
---------------------------+-------+-------+-------+-------+-------+-------++-------
  Melee: Dagger            |       |       |     3 |     7 |     9 |       ||    19
         Punch             |       |       |       |       |     2 |       ||     2
  Throw: Dart              |       |       |       |     1 |       |       ||     1
   Cast: Sandblast         |    56 |    49 |   170 |   178 |   188 |    11 ||   652
         Stone Arrow       |       |     2 |    18 |   197 |   494 |    82 ||   793
         Hailstorm         |       |       |     1 |     1 |       |       ||     2
         Petrify           |       |       |       |     3 |       |       ||     3
         Ensorcelled Hiber |       |       |       |     1 |       |       ||     1
         Brom's Barrelling |       |       |       |    28 |       |       ||    28
         Airstrike         |       |       |       |     4 |       |       ||     4
         Freezing Cloud    |       |       |       |       |   106 |    28 ||   134
         Starburst         |       |       |       |       |    14 |     7 ||    21
  Evoke: Wand              |       |       |       |     3 |     3 |       ||     6
    Use: Potion            |       |       |     3 |       |     2 |       ||     5
         Scroll            |       |       |    10 |     6 |    12 |     6 ||    34
 Armour: Robe              |    12 |     8 |   108 |    76 |       |       ||   204
         Leather armour    |       |       |       |   169 |   215 |       ||   384
         Ice dragon scales |       |       |       |       |   200 |    76 ||   276
  Dodge: Dodged            |     5 |     7 |    70 |   151 |   125 |    16 ||   374

Table legend: (Time is in decaauts)
 A = Elapsed time spent in this place.
 B = Non-inter-level travel time spent in this place.
 C = Inter-level travel time spent in this place.
 D = Time resting spent in this place.
 E = Time spent auto-exploring this place.
 F = Levels seen in this place.
 G = Mean time per level.
                   A        B        C        D        E       F      G
               +--------+--------+--------+--------+--------+-----+--------+
         Total |  29920 |  28384 |   1536 |   9286 |  13218 |  24 | 1246.7 |
       Dungeon |  17781 |  16604 |   1177 |   4540 |   8938 |  15 | 1185.4 |
          Lair |   8851 |   8555 |    296 |   3561 |   3259 |   5 | 1770.2 |
     Snake Pit |    175 |    175 |      0 |     40 |     79 |   1 |  175.0 |
  Orcish Mines |   2369 |   2308 |     61 |    765 |    876 |   2 | 1184.5 |
       Ossuary |    743 |    743 |      0 |    380 |     65 |   1 |  743.0 |
               +--------+--------+--------+--------+--------+-----+--------+

Top non-repeatable levels by time:
  Lair:5: 3320 daAuts
    D:12: 1994 daAuts
    D:15: 1682 daAuts
  Lair:4: 1572 daAuts
   Orc:2: 1550 daAuts
  Lair:2: 1466 daAuts
    D:10: 1403 daAuts
    D:14: 1396 daAuts
     D:3: 1309 daAuts
  Lair:3: 1248 daAuts
  Lair:1: 1244 daAuts
    D:11: 1184 daAuts
     D:1: 1149 daAuts
    D:13: 1116 daAuts
     D:4: 1112 daAuts
